 Dungeon Crawl Stone Soup version 0.27-a0-1154-gfdeffcb720 (webtiles) character file.

Game seed: 14370829693139174691

329 polve the Poker (level 6, 0/44 HPs)
             Began as a Demonspawn Gladiator on May 14, 2021.
             Slain by a gnoll
             ... wielding a +0 spear
              (1 damage)
             ... on level 3 of the Dungeon.
             The game lasted 00:02:06 (2666 turns).

polve the Poker (Demonspawn Gladiator)              Turns: 2666, Time: 00:02:06

Health: 0/44       AC:  7    Str: 16    XL:     6   Next: 25%
Magic:  0/6        EV: 12    Int:  9    God:
Gold:   20         SH:  0    Dex: 17    Spells: 5/5 levels left

rFire    . . .     SeeInvis .   a - +0 trident
rCold    . . .     Faith    .   (no shield)
rNeg     . . .     Spirit   +   b - +0 leather armour
rPois    .         Reflect  .   c - +0 helmet
rElec    .         Harm     .   (no cloak)
rCorr    .         Rampage  .   (no gloves)
Will     .....     Clarity  +   (no boots)
Stlth    +.........             (no amulet)
HPRegen  0.14/turn              (no ring)
MPRegen  0.20/turn              (no ring)

@: no status effects
A: thin metallic scales 2, foul stench 1, magic shield, magic regeneration,
agile 1, clarity, evolution 1
a: no special abilities


You were on level 3 of the Dungeon.
You visited 1 branch of the dungeon, and saw 3 of its levels.

You collected 20 gold pieces.

Inventory:

Hand Weapons
 a - a +0 trident (weapon)
Missiles
 d - 3 throwing nets (quivered)
Armour
 b - a +0 leather armour (worn)
 c - a +0 helmet (worn)
 g - a +0 pair of gloves
Wands
 h - a wand of flame (8)
Scrolls
 e - a scroll of noise {unknown}
 f - 3 scrolls of fog {unknown}
 i - 3 scrolls of teleportation {unknown}
 j - 2 scrolls of identify {unknown}
 m - a scroll of fear {unknown}
Potions
 k - a potion of magic {unknown}
 n - a potion of mutation


   Skills:
 - Level 2.0 Fighting
 + Level 6.5 Polearms
 - Level 1.7 Throwing
 - Level 2.6 Dodging


You had 5 spell levels left.
You didn't know any spells.
Your spell library was empty.

Dungeon Overview and Level Annotations

Branches:
Dungeon (3/15)

Altars:


Innate Abilities, Weirdness & Mutations

You are mostly covered in thin metallic scales. (AC +3)
You may rarely emit foul miasma when damaged in melee.
When hurt, damage is shared between your health and your magic reserves.
You regenerate magic rapidly.
You are agile. (Dex +2)
You possess an exceptional clarity of mind.
You evolve.


Message History

You kill the gnoll!
The gnoll hits you with a +0 flail!
* * * LOW HITPOINT WARNING * * *
You see here a +0 flail.
The gnoll closely misses you.
You hear the rapid rusting of a distant drain.
You open the door.
The gnoll misses you. 2 gnolls come into view.
The gnoll shouts! x2; You hear a shout!
A gnoll comes into view. It is wielding a +0 spear.
Found a scimitar.
There is an open door here.
The gnoll shouts!
You puncture the gnoll!
The gnoll is heavily wounded.
The gnoll completely misses you.
A gnoll comes into view. It is wielding a +0 flail.
You hit the gnoll.
The gnoll is almost dead.
You are no longer glowing.
The gnoll barely misses you.
Your leather armour prevents you from hitting the gnoll.
The gnoll is almost dead.
A ball python comes into view.
The gnoll hits you with a +0 club.
* * * LOW HITPOINT WARNING * * *
The ball python hisses angrily.
You hit the gnoll.
You kill the gnoll!
You closely miss the gnoll shaman. The gnoll shaman barely misses you.
The gnoll hits you from afar with a +0 spear.
* * * LOW HITPOINT WARNING * * *
The gnoll shaman calls upon its god to speed up the gnoll.
The gnoll seems to speed up.
The gnoll hits you but does no damage. The gnoll hits you with a +0 whip.
* * * LOW HITPOINT WARNING * * *
The ball python bites you but does no damage.
The ball python barely misses you.
The gnoll hits you from afar with a +0 spear.
You die...

#........##.<.......
#.....).............
#.#......#..........
#.#.#......#..........
....
........####..........
.......#..####.#
...########.
................#.####
.......########.#...#
.............)S@.#
#..........gg.g..#
#..).....>....g..# .#
#...........g....# g#
#..........g.g...# .#
.....#'###....### .#
....
#)#.+....####.######
..
#g#.#..$...).g......
#...#...............


You could see a gnoll shaman, 6 gnolls and a ball python.

Vanquished Creatures
  Sigmund (D:3)
  Terence (D:3)
  3 gnolls (D:3)
  5 adders
  A river rat (D:3)
  A worm (D:2)
  5 dart slugs
  An orc (D:3)
  4 bats
  5 endoplasms
  3 goblins
  3 hobgoblins
  3 jackals (D:2)
  6 kobolds
  3 quokkas
  3 frilled lizards
  7 rats
55 creatures vanquished.

Notes
Turn   | Place    | Note
-------+----------+-------------------------------------------
     0 | D:1      | polve the Demonspawn Gladiator began the quest for the Orb.
     0 | D:1      | Reached XP level 1. HP: 16/16 MP: 1/1
    30 | D:1      | Reached skill level 3 in Polearms
   235 | D:1      | Gained mutation: You are partially covered in thin metallic
                  | scales. (AC +2) [demonic ancestry]
   235 | D:1      | Reached XP level 2. HP: 22/22 MP: 2/2
   702 | D:1      | Reached skill level 4 in Polearms
   702 | D:1      | Gained mutation: You regenerate magic rapidly. [demonic
                  | ancestry]
   702 | D:1      | Reached XP level 3. HP: 12/27 MP: 3/3
   705 | D:1      | HP: 1/27 [kobold/+0 short sword (1)]
  1345 | D:2      | Gained mutation: You may rarely emit foul miasma when
                  | damaged in melee. [demonic ancestry]
  1345 | D:2      | Reached XP level 4. HP: 33/33 MP: 4/4
  2043 | D:3      | Noticed Terence
  2055 | D:3      | Killed Terence
  2056 | D:3      | Reached skill level 5 in Polearms
  2352 | D:3      | Noticed Sigmund
  2356 | D:3      | Gained mutation: You possess an exceptional clarity of
                  | mind. [potion of mutation]
  2356 | D:3      | Gained mutation: You are agile. (Dex +2) [potion of
                  | mutation]
  2356 | D:3      | Gained mutation: You evolve. [potion of mutation]
  2371 | D:3      | Killed Sigmund
  2372 | D:3      | Reached skill level 6 in Polearms
  2372 | D:3      | Gained mutation: When hurt, damage is shared between your
                  | health and your magic reserves. [demonic ancestry]
  2372 | D:3      | Reached XP level 5. HP: 15/38 MP: 5/5
  2372 | D:3      | Gained mutation: You are mostly covered in thin metallic
                  | scales. (AC +3) [demonic ancestry]
  2372 | D:3      | Reached XP level 6. HP: 17/44 MP: 6/6
  2666 | D:3      | HP: 1/44 [gnoll/+0 whip (3)]
  2666 | D:3      | Slain by a gnoll

Illustrated notes

Levels and vault maps discovered:
D:1:      doesnt_arrival_eight_statues, layout_basic, item_on_display_a
D:2:      wad_pebble_path, layout_loops_ring, chequers_serial_rivers_large_a
D:3:      layout_basic, lemuel_doored_altar, portal_sewer_entry_a,
          basic_ecumenical_altar, uniq_sigmund, uniq_terence, uniq_natasha

Skill      XL: |  1  2  3  4 |
---------------+-------------+-----
Polearms       | 3 4 6 |  6.5
Fighting       | |  2.0
Throwing       | |  1.7
Dodging        | |  2.6

Action                   |  1- 3 |  4- 6 || total
-------------------------+-------+-------++-------
Melee: Trident           |   132 |    69 ||   201
  Use: Potion            |       |     4 ||     4
 Stab: Sleeping          |     5 |     2 ||     7
Armor: Leather armour    |    47 |    33 ||    80
       Skin              |       |     8 ||     8
Dodge: Dodged            |    86 |    56 ||   142

Table legend: (Time is in decaauts)
 A = Elapsed time spent in this place.
 B = Non-inter-level travel time spent in this place.
 C = Inter-level travel time spent in this place.
 D = Time resting spent in this place.
 E = Time spent auto-exploring this place.
 F = Levels seen in this place.
 G = Mean time per level.
                   A        B        C        D        E       F      G
               +--------+--------+--------+--------+--------+-----+--------+
         Total |   2701 |   2644 |     57 |      0 |   2162 |   3 |  900.3 |
       Dungeon |   2701 |   2644 |     57 |      0 |   2162 |   3 |  900.3 |
               +--------+--------+--------+--------+--------+-----+--------+

Top non-repeatable levels by time:
     D:2: 1074 daAuts
     D:1: 1001 daAuts
     D:3: 625 daAuts
